 Dungeon Crawl Stone Soup version 0.30-a0-953-g5f1da4a474 (webtiles) character file.

Game seed: 17710753516931420192

252 howech the Twirler (level 5, -5/45 HPs)
             Began as a Minotaur Gladiator on Mar 28, 2023.
             Slain by a goblin
             ... wielding a +2 dagger of electrocution
             ... led by Robin
              (8 damage)
             ... on level 3 of the Dungeon.
             The game lasted 00:07:20 (1900 turns).

howech the Twirler (Minotaur Gladiator)             Turns: 1900, Time: 00:07:21

Health: -5/45      AC:  3    Str: 24    XL:     5   Next: 89%
Magic:  5/5        EV: 12    Int:  7    God:
Gold:   160        SH:  5    Dex: 11    Spells: 6/6 levels left

rFire   . . .      SeeInvis .    a - +1 quarterstaff (venom)
rCold   . . .      Faith    .    (shield currently unavailable)
rNeg    . . .      Spirit   .    b - +0 leather armour
rPois   .          Reflect  +    c - +0 hat
rElec   .          Rampage  .    (no cloak)
rCorr   .                        (no gloves)
Will    .....                    (no boots)
Stlth   +                        f - amulet of Leaves {Reflect Str+5 SH+5}
HPRegen 0.27/turn                (no ring)
MPRegen 0.09/turn                (no ring)

@: no status effects
A: horns 2, retaliatory headbutt
a: no special abilities


You were on level 3 of the Dungeon.
You visited 1 branch of the dungeon, and saw 3 of its levels.

You collected 160 gold pieces.

Inventory:

Hand Weapons
 a - a +1 quarterstaff of venom (weapon)
Missiles
 d - a throwing net (quivered)
 e - a javelin
 s - 4 poisoned darts
Armour
 b - a +0 leather armour (worn)
 c - a +0 hat (worn)
Jewellery
 f - the amulet of Leaves (around neck) {Reflect Str+5 SH+5}
   (You acquired it on level 2 of the Dungeon)

   [amulet of reflection]

   It reflects blocked missile attacks.
   Str:       It affects your strength (+5).
   SH:        It affects your SH (+5).
 p - an amulet of regeneration
Scrolls
 j - a scroll of blinking {unknown}
 n - a scroll of magic mapping
Potions
 g - a potion of lignification
 h - a potion of brilliance
 i - a potion of degeneration {unknown}
 l - a potion of attraction
 m - a potion of resistance
 o - a potion of might {unknown}
 q - a potion of haste {unknown}
 r - a potion of curing {unknown}


   Skills:
 + Level 3.4 Fighting
 * Level 5.1 Staves
 + Level 2.8 Throwing
 + Level 2.3 Armour
 + Level 4.0 Dodging
 + Level 1.0 Spellcasting
 + Level 1.4 Evocations


You had 6 spell levels left.
You didn't know any spells.
Your spell library contained the following spells:

 Spells                   Type           Power      Damage    Failure   Level
 Ignite Poison            Fire/Tmut/Pois 0%         N/A       82%         3
 Kindle Blastsparks       Fire/Tloc/Air  0%         2d10      82%         3
 Freezing Cloud           Conj/Ice/Air   0%         6-21      100%        5


Dungeon Overview and Level Annotations

Branches:
Dungeon (3/15)

Altars:

Shops:
D:2 :

Annotations:
D:3 3 runed translucent doors, AutumnRavn's ghost, amateur FoFi


Innate Abilities, Weirdness & Mutations

You have a pair of horns on your head.
You reflexively headbutt those who attack you in melee.


Message History

The endoplasm hits you but does no damage.
The goblin attacks as you move away! The goblin barely misses you.
The goblin attacks as you move away! The goblin hits you but does no damage.
You block the goblin's attack.
Items here: )))) [[ ††.
You hit the goblin but do no damage.
The goblin is poisoned.
You block the goblin's attack. x2
You closely miss the goblin.
You kill the goblin!
The goblin unwields a +2 dagger of electrocution.
It stops crackling.
The goblin wields a +0 sling.
The goblin shoots a sling bullet.
The sling bullet hits you but does no damage.
The goblin hits you but does no damage.
You thump the endoplasm!
You kill the endoplasm!
The goblin hits you but does no damage.
The goblin shoots a sling bullet.
The sling bullet hits you but does no damage.
Unknown command.
You barely miss the goblin. You block the goblin's attack.
The goblin shoots a sling bullet.
The sling bullet barely misses you.
Unknown command.
The goblin barely misses you.
The goblin unwields a +0 sling.
The goblin wields a +2 dagger of electrocution.
You hear the crackle of electricity.
You block the goblin's attack.
Things that are here:
a +0 dagger; a goblin corpse The goblin misses you.
You furiously retaliate!
You headbutt the goblin.
You kill the goblin!
The goblin closely misses you.
Your Dodging skill increases to level 4!
You closely miss the goblin.
The goblin hits you with a +2 dagger of electrocution.
You are electrocuted!!
* * * LOW HITPOINT WARNING * * *
You completely miss the goblin. You headbutt the goblin.
The goblin is severely wounded.
The goblin hits you but does no damage.
You are electrocuted!
You die...

#.##. #..
....#.# .....
#.. ...#.# .....
#... ...#.#...#
..... #...
......#.# #.#..
... ... ....#
..... ####'##.#
#...# .....
#.....).# #).#
.....
#.....@)###..#
..#..
#.....g)).)..#
.....
#.....!#))...#
.....
#......#.....##
##..###
#......#......#
#.. ..
.......##......#
#.# ### ..?....
+......# #.# # #
...##.#
#......#+#.#.# #
#. #.
#............# #


You could see a goblin.

Vanquished Creatures
  Sigmund (D:3)
  Terence (D:3)
  Robin (D:3)
  3 dart slugs (D:1)
  4 ball pythons
  3 endoplasms
  4 giant cockroaches (D:1)
  16 goblins
  2 hobgoblins
  3 kobolds
  3 quokkas
  8 bats
  4 frilled lizards
  4 rats
  A spectral goblin (D:2)
58 creatures vanquished.

Notes
Turn   | Place    | Note
-------+----------+-------------------------------------------
     0 | D:1      | howech the Minotaur Gladiator began the quest for the Orb.
     0 | D:1      | Reached XP level 1. HP: 18/18 MP: 0/0
   182 | D:1      | Reached XP level 2. HP: 25/25 MP: 1/1
   519 | D:1      | Reached skill level 4 in Staves
   688 | D:1      | Reached XP level 3. HP: 25/30 MP: 2/2
  1141 | D:2      | Found Peoj's Book Emporium.
  1173 | D:2      | Found a faded altar of an unknown god.
  1271 | D:2      | Reached skill level 1 in Armour
  1573 | D:2      | Identified a scroll of acquirement
  1573 | D:2      | Acquired the amulet of Leaves {Reflect Str+5 SH+5}
  1614 | D:3      | Noticed Terence
  1626 | D:3      | Killed Terence
  1627 | D:3      | Reached XP level 4. HP: 37/37 MP: 3/3
  1671 | D:3      | Noticed Sigmund
  1686 | D:3      | Killed Sigmund
  1687 | D:3      | Reached skill level 5 in Staves
  1687 | D:3      | Reached skill level 1 in Spellcasting
  1687 | D:3      | Reached skill level 1 in Evocations
  1687 | D:3      | Reached XP level 5. HP: 41/45 MP: 3/5
  1781 | D:3      | Noticed AutumnRavn's ghost (amateur FoFi)
  1798 | D:3      | Found a runed translucent gate.
  1798 | D:3      | Found a runed translucent gate.
  1798 | D:3      | Found a runed translucent gate.
  1865 | D:3      | Noticed Robin
  1881 | D:3      | Killed Robin
  1900 | D:3      | Slain by a goblin

Illustrated notes

Levels and vault maps discovered:
D:1:      minmay_arrival_three_doors, layout_loops_corners, minmay_tetromino_l2
D:2:      layout_basic, dreamdust_ecumenical_altar_drowned_temple, serial_shops,
          nicolae_shop_advertising_works [nicolae_subvault_shop_adworks]
D:3:      minmay_diamond_boxcup, layout_basic,
          mainiacjoe_overflow_surrounded_room, gammafunk_ghost_split,
          uniq_sigmund, uniq_jessica, uniq_terence, uniq_robin

Skill      XL: |  1  2  3  4  5 |
---------------+----------------+-----
Staves         | 4 5 |  5.1
Armour         | 1 2 |  2.3
Fighting       | 3 |  3.4
Spellcasting   | 1 |  1.0
Evocations     | 1 |  1.4
Dodging        | 4 |  4.0
Throwing       | |  2.8

Action                     |  1- 3 |  4- 6 || total
---------------------------+-------+-------++-------
  Melee: Quarterstaff      |    92 |    34 ||   126
         Headbutt          |     8 |     2 ||    10
  Throw: Throwing net      |     2 |     1 ||     3
    Use: Scroll            |    11 |       ||    11
         Potion            |       |     1 ||     1
   Stab: Held in net/web   |     1 |       ||     1
 Armour: Leather armour    |    23 |    16 ||    39
  Dodge: Dodged            |    64 |    30 ||    94
  Block: Other             |     1 |    15 ||    16
         Reflection        |       |     3 ||     3

Table legend: (Time is in decaauts)
 A = Elapsed time spent in this place.
 B = Non-inter-level travel time spent in this place.
 C = Inter-level travel time spent in this place.
 D = Time resting spent in this place.
 E = Time spent auto-exploring this place.
 F = Levels seen in this place.
 G = Mean time per level.
                   A        B        C        D        E       F      G
               +--------+--------+--------+--------+--------+-----+--------+
         Total |   1915 |   1861 |     54 |      2 |   1414 |   3 |  638.3 |
       Dungeon |   1915 |   1861 |     54 |      2 |   1414 |   3 |  638.3 |
               +--------+--------+--------+--------+--------+-----+--------+

Top non-repeatable levels by time:
     D:1: 1023 daAuts
     D:2: 581 daAuts
     D:3: 311 daAuts
